 Dungeon Crawl Stone Soup version 0.30.0-15-g856e2d3f33 (webtiles) character file.

Game seed: 5118035785222970765

1999 qw the Cleaver (level 9, -16/56 HPs)
             Began as a Gargoyle Fighter on May 20, 2023.
             Demolished by an ogre
             ... wielding a +0 giant club
              (18 damage)
             ... on level 6 of the Dungeon.
             The game lasted 00:02:28 (4814 turns).

qw the Cleaver (Gargoyle Fighter)                   Turns: 4814, Time: 00:02:29

Health: -16/56     AC: 22    Str: 25    XL:     9   Next: 21%
Magic:  9/9        EV:  7    Int:  8    God:
Gold:   215        SH:  4    Dex:  9    Spells: 8/8 levels left

rFire   . . .        Y - +3 war axe
rCold   + . .        c - +0 buckler
rNeg    + . .        a - +0 plate armour
rPois   inf          (no helmet)
rElec   +            o - +0 cloak
rCorr   .            n - +0 pair of gloves
SInv    .            e - +0 pair of boots
Will    .....        (no amulet) Stlth
                     j - ring of protection from cold
HPRegen 0.29/turn    (no ring)
MPRegen 0.11/turn

%: no passive effects
@: no status effects
A: sickness immunity, AC +6, negative energy resistance 1, electricity
resistance, torment resistance 1, petrification resistance
a: no special abilities


You were on level 6 of the Dungeon.
You visited 1 branch of the dungeon, and saw 6 of its levels.

You collected 407 gold pieces.
You spent 192 gold pieces at shops.


Innate Abilities, Weirdness & Mutations

You are immune to sickness and miasma.
Your stone body is resilient. (AC +6)
You are immune to poison.
You resist negative energy. (rN+)
You are resistant to electric shocks. (rElec)
You are resistant to unholy torment.
You are immune to petrification.


   Skills:
 - Level 6.3 Fighting
 + Level 8.8 Axes
 - Level 6.0 Armour
 - Level 1.6 Dodging
 - Level 3.2 Shields


You had 8 spell levels left.
You didn't know any spells.
Your spell library was empty.

Inventory:

Hand Weapons
 k - a +0 whip
 Y - a +3 war axe (weapon)
Armour
 a - a +0 plate armour (worn)
 c - a +0 buckler (worn)
 e - a +0 pair of boots (worn)
 n - a +0 pair of gloves (worn)
 o - a +0 cloak (worn)
Jewellery
 j - a ring of protection from cold (left hand)
Scrolls
 h - a scroll of identify
Potions
 b - a potion of attraction
 d - a potion of might
 f - 2 potions of resistance
 g - a potion of curing
 i - a potion of haste
 l - a potion of heal wounds {unknown}
 m - a potion of mutation {unknown}

Dungeon Overview and Level Annotations

Branches:
Dungeon (6/15)
 Temple: D:4-7

Altars:
Dithmenos
Elyvilon
Sif Muna
Xom

Shops:
D:1 *   D:3 *[=!*

Annotations:
D:1 1 runed translucent door
D:6 Sigmund


Message History

The orc barely misses you. The wight completely misses you.
You slash the wight!
You destroy the wight!
You hit the orc. Something hits you but does no damage.
You block the orc's attack.
You closely miss the orc.
The orc is heavily wounded.
You hit the wight but do no damage.
The sentinel's mark upon you fades away.
The orc hits you but does no damage. Something hits you but does no damage.
An ogre comes into view. It is wielding a +0 giant club.
You block the wight's attack.
You hit the orc.
You kill the orc!
You hit the wight. The wight hits you with a +0 battleaxe!
You slash the wight!
The wight is severely damaged.
You hit the orc. Something hits you but does no damage.
The orc barely misses you. The wight hits you but does no damage.
You slash the orc!
You kill the orc!
You hit the wight.
You destroy the wight!
Sigmund appears from thin air!
Reactivating autopickup.
Sigmund barely misses you.
You hit the ogre.
The ogre is lightly wounded.
You hit the wight but do no damage. The ogre hits you with a +0 giant club!
You block the wight's attack.
Sigmund hits you from afar with a +0 scythe.
You hit the ogre.
The ogre is moderately wounded.
You hit the wight but do no damage. The wight hits you but does no damage.
The white imp summons a swarm of flies.
The ogre hits you with a +0 giant club!!
You die...

### ##. ..# ##### ....
..# #...# .....
..#####..h########h.....
..'......OSzochz@O@Y....
..#####...########J.....
..# #...# ..... ###
#...# .... #...# ...
#...# .# #...+ # # #...#


You could see 2 black bears, an ice beast, 2 ogres, Sigmund, a centaur, a hound,
a jelly, 2 wights, an adder and an orc.

Vanquished Creatures
  Grinder (D:3)
  A water moccasin (D:5)
  2 ice beasts
  A black bear (D:5)
  An ogre (D:4)
  2 phantoms (D:5)
  4 scorpions
  A wyvern zombie (D:5)
  3 wights (D:6)
  A water moccasin skeleton (D:5)
  A howler monkey (D:4)
  3 hounds
  6 iguanas
  Ijyb (D:3)
  Terence (D:2)
  Natasha (twice) (D:2)
  3 orc wizards
  2 scorpion zombies (D:5)
  A sleepcap (D:6)
  4 adders
  A shadow imp (D:5)
  3 white imps
  An adder zombie (D:5)
  A worm (D:4)
  A dart slug (D:2)
  16 orcs
  5 ball pythons
  2 endoplasms
  2 giant cockroaches
  8 hobgoblins
  3 jackals (D:4)
  9 kobolds
  4 quokkas
  2 bats
  A frilled lizard (D:3)
  6 goblins
  7 rats
113 creatures vanquished.

Notes
Turn   | Place    | Note
-------+----------+-------------------------------------------
     0 | D:1      | qw the Gargoyle Fighter began the quest for the Orb.
     0 | D:1      | Reached XP level 1. HP: 14/14 MP: 1/1
     0 | D:1      | 0 ||| qw: Version: 0.2-a-97-g499787f
     0 | D:1      | 0 ||| qw: Game counter: 82
     0 | D:1      | 0 ||| qw: Always use a shield: true
     0 | D:1      | 0 ||| qw: God list: Okawaru
     0 | D:1      | 0 ||| qw: Allow faded altars: false
     0 | D:1      | 0 ||| qw: Do Orc after D:15 true
     0 | D:1      | 0 ||| qw: Do second Lair branch before Depths: true
     0 | D:1      | 0 ||| qw: Lair rune preference: random
     0 | D:1      | 0 ||| qw: Plans: Normal, Zot:1-4, God:TSO, Crypt, Tomb,
                  | Pan, Slime:5, Hells, Abyss, Win
     0 | D:1      | 0 ||| PLANNING D:1-11
     1 | D:1      | Found a runed translucent door.
    50 | D:1      | Reached skill level 2 in Axes
   106 | D:1      | Found Kecwif's Assorted Antiques.
   115 | D:1      | 115 ||| SHOPLISTING dented fluorescent amulet (80 gold,
                  | have 41).
   115 | D:1      | 115 ||| SHOPLISTING glass wand (64 gold, have 41).
   115 | D:1      | 115 ||| SHOPLISTING runed hat (112 gold, have 41).
   115 | D:1      | 115 ||| BUYING scroll labelled FUMOXA XUEPRAOM (16 gold).
   115 | D:1      | Bought a scroll labelled FUMOXA XUEPRAOM for 16 gold pieces
   115 | D:1      | 115 ||| BUYING scroll labelled TENIQI GORGH (16 gold).
   115 | D:1      | Bought a scroll labelled TENIQI GORGH for 16 gold pieces
   115 | D:1      | 115 ||| SHOPLISTING scroll labelled ZACKY XAOWA (16 gold,
                  | have 9).
   215 | D:1      | Reached XP level 2. HP: 19/19 MP: 2/2
   223 | D:1      | 223 ||| Stepping ~*~*~tactically~*~*~ (hiding).
   332 | D:1      | 332 ||| DROPPING +0 club.
   676 | D:1      | 676 ||| UPGRADING to +0 pair of boots.
   681 | D:1      | 681 ||| READING scroll labelled MYSO JUCHU.
   682 | D:1      | 682 ||| READING scroll labelled FUMOXA XUEPRAOM.
   683 | D:1      | 683 ||| READING scroll labelled TENIQI GORGH.
   684 | D:1      | 684 ||| READING scroll labelled LETELU PAITUMP.
   685 | D:1      | 685 ||| DRINKING 3 smoky white potions.
   789 | D:1      | 789 ||| DROPPING 2 potions of berserk rage.
   938 | D:2      | 938 ||| Stepping ~*~*~tactically~*~*~ (hiding).
   944 | D:2      | Reached skill level 3 in Axes
   994 | D:2      | 994 ||| Stepping ~*~*~tactically~*~*~ (stealth).
   995 | D:2      | 995 ||| Stepping ~*~*~tactically~*~*~ (stealth).
   999 | D:2      | Reached XP level 3. HP: 23/23 MP: 3/3
  1155 | D:2      | 1155 ||| Stepping ~*~*~tactically~*~*~ (stealth).
  1179 | D:2      | Noticed Natasha
  1188 | D:2      | Killed Natasha
  1208 | D:2      | 1208 ||| Stepping ~*~*~tactically~*~*~ (hiding).
  1423 | D:2      | Noticed Terence
  1430 | D:2      | Killed Terence
  1431 | D:2      | Reached skill level 4 in Axes
  1431 | D:2      | Reached XP level 4. HP: 28/28 MP: 4/4
  1478 | D:2      | 1478 ||| Stepping ~*~*~tactically~*~*~ (stealth).
  1479 | D:2      | 1479 ||| Stepping ~*~*~tactically~*~*~ (stealth).
  1494 | D:2      | Noticed Natasha
  1495 | D:2      | 1495 ||| Stepping ~*~*~tactically~*~*~ (hiding).
  1499 | D:2      | Killed Natasha
  1602 | D:2      | Found a shimmering blue altar of Sif Muna.
  1788 | D:2      | 1788 ||| UPGRADING to +0 plate armour.
  1798 | D:2      | 1798 ||| DROPPING +0 scale mail.
  1799 | D:2      | 1799 ||| READING 3 scrolls labelled AKUQAZ EM RET.
  1800 | D:2      | 1800 ||| READING scroll labelled GIRIZA GIPPILI.
  1801 | D:2      | 1801 ||| DRINKING 3 brown potions.
  1802 | D:2      | 1802 ||| READING 2 scrolls of identify.
  1802 | D:2      | 1802 ||| IDENTIFYING bubbling silvery potion
  1803 | D:2      | 1803 ||| DROPPING 2 potions of brilliance.
  1820 | D:3      | Found Ircheskaptu's Distillery.
  1829 | D:3      | 1829 ||| BUYING potion of attraction (30 gold).
  1829 | D:3      | Bought a potion of attraction for 30 gold pieces
  1829 | D:3      | 1829 ||| BUYING potion of curing (30 gold).
  1829 | D:3      | Bought a potion of curing for 30 gold pieces
  1829 | D:3      | 1829 ||| BUYING potion of haste (100 gold).
  1829 | D:3      | Bought a potion of haste for 100 gold pieces
  1829 | D:3      | 1829 ||| SHOPLISTING potion of haste (100 gold, have 0).
  1829 | D:3      | 1829 ||| SHOPLISTING potion of heal wounds (50 gold, have
                  | 0).
  1859 | D:3      | Noticed Grinder
  1860 | D:3      | 1860 ||| Stepping ~*~*~tactically~*~*~ (hiding).
  1862 | D:3      | 1862 ||| Stepping ~*~*~tactically~*~*~ (hiding).
  1863 | D:3      | 1863 ||| Stepping ~*~*~tactically~*~*~ (hiding).
  1864 | D:3      | 1864 ||| Stepping ~*~*~tactically~*~*~ (hiding).
  1869 | D:3      | Paralysed by Grinder for 5 turns
  1879 | D:3      | 1879 ||| Stepping ~*~*~tactically~*~*~ (hiding).
  1883 | D:3      | Killed Grinder
  1884 | D:3      | Reached skill level 5 in Axes
  1884 | D:3      | Reached XP level 5. HP: 28/32 MP: 5/5
  1884 | D:3      | Reached XP level 6. HP: 32/37 MP: 6/6
  1954 | D:3      | Found Ynkoleud's General Store.
  1959 | D:3      | 1959 ||| SHOPLISTING scroll of teleportation (36 gold, have
                  | 9).
  1988 | D:3      | Found Afay's Antique Armour Emporium.
  1994 | D:3      | 1994 ||| SHOPLISTING +0 mask of the Dragon {Will+ Slay+3
                  | SInv} (601 gold, have 9).
  1994 | D:3      | 1994 ||| SHOPLISTING glowing chain mail (135 gold, have 9).
  1994 | D:3      | 1994 ||| SHOPLISTING shiny helmet (135 gold, have 9).
  2025 | D:3      | Found Qiframeim's Jewellery Boutique.
  2049 | D:3      | 2049 ||| SHOPLISTING +6 ring of dexterity (468 gold, have
                  | 9).
  2049 | D:3      | 2049 ||| SHOPLISTING ring of Gualul {rElec Will+ Str+5
                  | Int-5} (507 gold, have 9).
  2049 | D:3      | 2049 ||| SHOPLISTING ring of fire (325 gold, have 9).
  2049 | D:3      | 2049 ||| SHOPLISTING ring of resist corrosion (260 gold,
                  | have 9).
  2063 | D:3      | Noticed Ijyb
  2071 | D:3      | Killed Ijyb
  2214 | D:3      | 2214 ||| UPGRADING to ring of protection from cold.
  2215 | D:3      | 2215 ||| DROPPING ring of flight.
  2216 | D:3      | 2216 ||| READING scroll labelled UGGIDIBREMP.
  2217 | D:3      | 2217 ||| READING scroll labelled ZACKY XAOWA.
  2372 | D:3      | Found Titaenuq's General Store.
  2377 | D:3      | 2377 ||| SHOPLISTING +0 pair of gloves (54 gold, have 27).
  2377 | D:3      | 2377 ||| SHOPLISTING +5 ring of evasion (432 gold, have
                  | 27).
  2377 | D:3      | 2377 ||| SHOPLISTING 3 scrolls of teleportation (108 gold,
                  | have 27).
  2516 | D:3      | 2516 ||| Stepping ~*~*~tactically~*~*~ (stealth).
  2692 | D:3      | 2692 ||| READING scroll of enchant weapon.
  2692 | D:3      | 2692 ||| ENCHANTING +1 war axe.
  2698 | D:3      | 2698 ||| UPGRADING to +0 pair of gloves.
  2703 | D:3      | 2703 ||| READING scroll labelled UPETU LUGU.
  2804 | D:3      | 2804 ||| READING 3 scrolls of identify.
  2804 | D:3      | 2804 ||| IDENTIFYING coppery potion
  2805 | D:3      | 2805 ||| READING 2 scrolls of identify.
  2805 | D:3      | 2805 ||| IDENTIFYING fizzy golden potion
  2806 | D:3      | 2806 ||| DROPPING potion of flight.
  2807 | D:3      | 2807 ||| DROPPING potion of degeneration.
  2873 | D:4      | Reached skill level 6 in Axes
  3016 | D:4      | 3016 ||| READING scroll of enchant weapon.
  3016 | D:4      | 3016 ||| ENCHANTING +2 war axe.
  3107 | D:4      | Reached XP level 7. HP: 16/43 MP: 7/7
  3505 | D:4      | Reached skill level 7 in Axes
  3505 | D:4      | 3505 ||| Stepping ~*~*~tactically~*~*~ (stealth).
  3712 | D:4      | 3712 ||| UPGRADING to +0 cloak.
  3717 | D:4      | 3717 ||| DROPPING ring of magical power.
  3718 | D:4      | 3718 ||| READING scroll labelled FEZECH SOGRAS.
  3719 | D:4      | 3719 ||| DRINKING 3 murky green potions.
  3720 | D:4      | 3720 ||| DRINKING 2 potions of curing.
  3720 | D:4      | 3720 ||| (to cure confusion)
  3721 | D:4      | 3721 ||| DROPPING 2 potions of ambrosia.
  3746 | D:5      | Entered Level 5 of the Dungeon
  3756 | D:5      | Reached XP level 8. HP: 47/49 MP: 8/8
  3758 | D:5      | Reached skill level 1 in Dodging
  3766 | D:5      | 3766 ||| Stepping ~*~*~tactically~*~*~ (hiding).
  3767 | D:5      | 3767 ||| Stepping ~*~*~tactically~*~*~ (hiding).
  3915 | D:5      | Found a white marble altar of Elyvilon.
  3987 | D:5      | 3987 ||| Stepping ~*~*~tactically~*~*~ (hiding).
  4151 | D:5      | 4151 ||| Stepping ~*~*~tactically~*~*~ (hiding).
  4152 | D:5      | 4152 ||| Stepping ~*~*~tactically~*~*~ (hiding).
  4153 | D:5      | 4153 ||| Stepping ~*~*~tactically~*~*~ (hiding).
  4173 | D:5      | Found a shadowy altar of Dithmenos.
  4255 | D:5      | Reached skill level 8 in Axes
  4395 | D:5      | 4395 ||| Stepping ~*~*~tactically~*~*~ (hiding).
  4448 | D:5      | Reached skill level 6 in Fighting
  4604 | D:5      | Found a shimmering altar of Xom.
  4699 | D:5      | 4699 ||| READING scroll labelled KUASTA QEZE.
  4704 | D:5      | 4704 ||| READING scroll labelled FEAFYR SUHA.
  4705 | D:5      | 4705 ||| READING scroll labelled LETRAE OCAOS.
  4720 | D:6      | Reached skill level 6 in Armour
  4720 | D:6      | Reached XP level 9. HP: 56/56 MP: 9/9
  4781 | D:6      | Noticed Sigmund
  4813 | D:6      | HP: 5/56 [ogre/+0 giant club (13)]
  4813 | D:6      | HP: 1/56 [Sigmund/+0 scythe (4)]
  4814 | D:6      | Demolished by an ogre

Levels and vault maps discovered:
D:1:      dpeg_arrival_caged_fury, layout_loops_ring, serial_shops,
          nicolae_shop_trees
D:2:      layout_loops_cross, basic_altar, nrook_mini_backslash, uniq_natasha,
          uniq_terence
D:3:      layout_loops_corners, serial_shops, nicolae_shop_crystal, shop,
          nicolae_square_shop, nicolae_shop_crystal, shop, uniq_grinder,
          uniq_ijyb
D:4:      layout_gridville
D:5:      minmay_skewed_foursquare, layout_rooms, lemuel_doored_altar,
          lemuel_round_altar, elyvilon_altar_3, serial_undead, serial_undead_c,
          serial_undead_d, serial_undead_b, serial_undead_d
D:6:      layout_basic, minmay_temple_entry_hall, st_stairs_10,
          minmay_alternating_orb, uniq_sigmund

Skill      XL: |  1  2  3  4  5  6  7  8 |
---------------+-------------------------+-----
Axes           | 2 3 4 5 6 7 8 |  8.8
Fighting       | 4 5 6 |  6.3
Armour         | 4 6 |  6.0
Dodging        | 1 |  1.6
Shields        | |  3.2

Action                     |  1- 3 |  4- 6 |  7- 9 || total
---------------------------+-------+-------+-------++-------
  Melee: War axe           |    70 |    87 |   205 ||   362
    Use: Scroll            |     4 |    10 |     4 ||    18
         Potion            |     1 |     1 |     2 ||     4
 Armour: Scale mail        |    29 |     4 |       ||    33
         Skin              |     3 |       |       ||     3
         Plate armour      |       |    52 |   133 ||   185
  Dodge: Dodged            |    27 |    27 |    66 ||   120
  Block: Buckler           |    16 |    11 |    40 ||    67

Table legend:
 A = Non-vault XP
 B = Vault XP
 C = Vault XP percentage of total XP
 D = Non-vault monster count
 E = Vault monster count
 F = Vault count percentage of total count
                 A         B        C        D         E       F
            +---------+---------+-------+---------+---------+-------
      Total |    1873 |     984 |  34.4 |      94 |      19 |  16.8
            +---------+---------+-------+---------+---------+-------
        D:1 |      15 |       0 |   0.0 |      11 |       0 |   0.0
        D:2 |      67 |      71 |  51.4 |      20 |       2 |   9.1
        D:3 |      33 |     294 |  89.9 |      16 |       2 |  11.1
        D:4 |     632 |       0 |   0.0 |      21 |       0 |   0.0
        D:5 |     649 |     519 |  44.4 |      17 |      13 |  43.3
        D:6 |     477 |     100 |  17.3 |       9 |       2 |  18.2
            +---------+---------+-------+---------+---------+-------
